 Dungeon Crawl Stone Soup version 0.29.0-11-gd7f09526c8 (console) character file.

Game seed: 2167105858969388019

60 jejorda2 the Ruffian (level 4, -1/28 HPs)
             Began as a Tengu Berserker on Sept 3, 2022.
             Was a Believer of Trog.
             Slain by a goblin
             ... wielding a +0 club
             ... led by Robin
              (3 damage)
             ... on level 2 of the Dungeon.
             The game lasted 00:04:16 (2079 turns).

jejorda2 the Ruffian (Tengu Berserker)              Turns: 2079, Time: 00:04:17

Health: -1/28      AC:  4    Str: 19    XL:     4   Next: 4%
Magic:  5/5        EV: 12    Int:  8    God:    Trog [**....]
Gold:   39         SH:  0    Dex: 13    Spells: 3/3 levels left

rFire   . . .      SeeInvis .     - Unarmed
rCold   . . .      Faith    .   (no shield)
rNeg    . . .      Spirit   .   m - +0 leather armour
rPois   .          Reflect  .   (helmet restricted)
rElec   .          Harm     .   i - +0 cloak
rCorr   .          Rampage  .   (no gloves)
Will    .....                   (boots unavailable)
Stlth   +.........              (no amulet)
HPRegen 0.09/turn               (no ring)
MPRegen 0.09/turn               (no ring)

@: on berserk cooldown, slowed, very slow
A: beak, talons 3
a: Renounce Religion, Berserk, Trog's Hand


You were on level 2 of the Dungeon.
You worshipped Trog.
Trog was pleased with you.
You visited 1 branch of the dungeon, and saw 2 of its levels.

You collected 39 gold pieces.

Inventory:

Missiles
 g - 22 stones (quivered)
 j - 3 javelins
Armour
 i - a +0 cloak (worn)
 m - a +0 leather armour (worn)
Scrolls
 b - a scroll of butterflies {unknown}
 d - 2 scrolls of enchant weapon {unknown}
 f - a scroll of blinking {unknown}
 h - 3 scrolls of identify {unknown}
 k - a scroll of teleportation {unknown}
 l - a scroll of summoning {unknown}
Potions
 a - 2 potions of flight {unknown}
 c - a potion of ambrosia {unknown}
 e - 2 potions of lignification {unknown}


   Skills:
 + Level 3.4 Fighting
 - Level 2.5 Armour
 - Level 2.6 Dodging
 * Level 4.4 Unarmed Combat


You had 3 spell levels left.
You didn't know any spells.
Your spell library was empty.

Dungeon Overview and Level Annotations

Branches:
Dungeon (2/15)

Altars:


Innate Abilities, Weirdness & Mutations

You have a beak for a mouth.
You have claws for feet.


Message History

You are too injured to fight recklessly!
You are too injured to fight recklessly!
You are too injured to fight recklessly!
You hit the goblin.
The goblin is severely wounded.
The goblin hits you but does no damage. x2
You punch the goblin!
You kill the goblin!
Trog accepts your kill. The goblin closely misses you.
You hit the goblin. Your kick misses the goblin.
The goblin is moderately wounded.
The goblin hits you but does no damage.
You closely miss the hobgoblin. The goblin hits you with a +0 club.
* * * LOW HITPOINT WARNING * * *
The hobgoblin barely misses you.
You hit the hobgoblin. Your kick misses the hobgoblin.
Your peck misses the hobgoblin.
The hobgoblin is heavily wounded.
The goblin hits you with a +0 club.
* * * LOW HITPOINT WARNING * * *
The hobgoblin hits you but does no damage.
You closely miss the hobgoblin.
The hobgoblin is heavily wounded.
The hobgoblin closely misses you. The goblin barely misses you.
The goblin misses you. The hobgoblin barely misses you.
You closely miss the hobgoblin. Your kick misses the hobgoblin.
The hobgoblin is heavily wounded.
The goblin hits you with a +0 club.
* * * LOW HITPOINT WARNING * * *
The hobgoblin hits you.
* * * LOW HITPOINT WARNING * * *
You hit the hobgoblin.
You kill the hobgoblin!
Trog accepts your kill. The goblin barely misses you.
You barely miss the goblin.
The goblin is moderately wounded.
The goblin hits you but does no damage. The goblin hits you with a +0 club.
You die...

#.#.# #..## #.#.#
#.##...# #.#
....#.# #.# .....
#.# #...# #.#
...## ## #.# ...
.. ..#.# #)##.###.
..#.# #@g......
..#.# #)##.###.
..#.# ######.##.#
.##.# #...))....#
.##.# #.####.####
.##.# #.####.#
.##.#######......#
...............#.#
.##########.##.#.#


You could see a goblin.

Vanquished Creatures
  Robin (D:2)
  7 endoplasms
  A giant cockroach (D:1)
  10 goblins
  7 hobgoblins
  A quokka (D:2)
  5 ball pythons
  2 bats
  3 frilled lizards
  3 kobolds
  5 rats
45 creatures vanquished.

Vanquished Creatures (others)
  A plant (D:2)
1 creature vanquished.

Grand Total: 46 creatures vanquished

Notes
Turn   | Place    | Note
-------+----------+-------------------------------------------
     0 | D:1      | jejorda2 the Tengu Berserker began the quest for the Orb.
     0 | D:1      | Reached XP level 1. HP: 14/14 MP: 2/2
   127 | D:1      | Reached XP level 2. HP: 4/19 MP: 3/3
  1460 | D:2      | Reached XP level 3. HP: 19/23 MP: 4/4
  1822 | D:2      | Reached skill level 4 in Unarmed Combat
  1976 | D:2      | Found a faded altar of an unknown god.
  2049 | D:2      | Noticed Robin
  2058 | D:2      | Killed Robin
  2063 | D:2      | Reached ** piety under Trog
  2071 | D:2      | Reached XP level 4. HP: 12/28 MP: 5/5
  2079 | D:2      | Slain by a goblin

Illustrated notes

Levels and vault maps discovered:
D:1:      nzn_arrival_settlement, layout_basic
D:2:      layout_basic, shapermc_ecumenical_altar_mp_urbaneastern, uniq_robin

Skill      XL: |  1  2  3 |
---------------+----------+-----
Unarmed Combat | 4 |  4.4
Fighting       | |  3.4
Armour         | |  2.5
Dodging        | |  2.6

Action                   |  1- 3 |  4- 6 || total
-------------------------+-------+-------++-------
Melee: Unarmed           |    82 |     9 ||    91
       Kick              |    19 |       ||    19
       Peck              |    11 |       ||    11
       Punch             |     2 |       ||     2
Invok: Berserk           |     2 |       ||     2
 Stab: Sleeping          |     2 |       ||     2
Armor: Animal skin       |     8 |       ||     8
       Leather armour    |    12 |     5 ||    17
Dodge: Dodged            |    42 |     7 ||    49
